 Dungeon Crawl Stone Soup version 0.30-a0-339-g89bb51ec76 (webtiles) character file.

Game seed: 10504127783557160417

388 retardedninja the Trooper (level 6, -6/56 HPs)
             Began as a Hill Orc Fighter on Oct 31, 2022.
             Mangled by Duvessa
             ... wielding a +0 short sword
              (10 damage)
             ... on level 4 of the Dungeon.
             The game lasted 00:04:49 (3925 turns).

retardedninja the Trooper (Hill Orc Fighter)        Turns: 3925, Time: 00:04:50

Health: -6/56      AC:  7    Str: 18 (21) XL:     6   Next: 79%
Magic:  6/6        EV:  9    Int:  6 (8)  God:
Gold:   232        SH:  4    Dex:  8 (10) Spells: 5/5 levels left

rFire   . . .      SeeInvis .    a - +0 war axe
rCold   . . .      Faith    .    c - +0 buckler
rNeg    . . .      Spirit   .    b - +0 scale mail
rPois   .          Reflect  .    h - +0 hat
rElec   .          Harm     .    (no cloak)
rCorr   .          Rampage  .    (no gloves)
Will    .....                    (no boots)
Stlth   ..........               (no amulet)
HPRegen 0.29/turn                (no ring)
MPRegen 0.10/turn                (no ring)

@: brilliant, lit by a corona, flying, glowing
A: no striking features
a: no special abilities


You were on level 4 of the Dungeon.
You visited 1 branch of the dungeon, and saw 4 of its levels.

You collected 232 gold pieces.

Inventory:

Hand Weapons
 a - a +0 war axe (weapon)
Armour
 b - a +0 scale mail (worn)
 c - a +0 buckler (worn)
 h - a +0 hat (worn)
Jewellery
 m - a ring of see invisible
Scrolls
 d - a scroll of teleportation {unknown}
 e - 2 scrolls of fear {unknown}
 f - 5 scrolls of identify {unknown}
 k - a scroll of blinking {unknown}
 l - a scroll of brand weapon {unknown}
 o - a scroll of immolation {unknown}
 r - a scroll of magic mapping {unknown}
Potions
 g - a potion of ambrosia
 i - a potion of brilliance
 p - a potion of curing {unknown}


   Skills:
 + Level 5.4 Fighting
 + Level 5.0 Axes
 + Level 4.9 Armour
 + Level 4.9 Shields


You had 5 spell levels left.
You didn't know any spells.
Your spell library contained the following spells:

 Spells                   Type           Power      Damage    Failure   Level
 Stone Arrow              Conj/Erth      0%         3d7       99%         3
 Animate Armour           Summ/Erth      0%         N/A       100%        4
 Lehudib's Crystal Spear  Conj/Erth      0%         10d2      100%        8


Dungeon Overview and Level Annotations

Branches:
Dungeon (4/15)
 Temple: D:4-7

Altars:
Elyvilon
Zin
The Shining One

Shops:
D:1 *   D:2 (   D:3 ?

Annotations:
D:4 Duvessa


Message History

Duvessa goes berserk!
You hit Duvessa but do no damage. Duvessa hits you with a +0 short sword.
Duvessa closely misses you.
Your Axes skill increases to level 5!
You hit Duvessa but do no damage. You block Duvessa's attack.
Duvessa barely misses you.
It was a potion of ambrosia.
You are confused.
You feel invigorated. Duvessa barely misses you.
Duvessa hits you with a +0 short sword!
It was a potion of brilliance.
You feel clever all of a sudden. Duvessa hits you with a +0 short sword.
It was a potion of heal wounds.
You feel much better. Duvessa hits you with a +0 short sword!
Duvessa hits you with a +0 short sword.
You bump into the rock wall.
Duvessa barely misses you. Duvessa completely misses you.
You bump into the rock wall.
Duvessa hits you with a +0 short sword.
You feel less invigorated.
You feel less confused. Duvessa hits you but does no damage. x2
Duvessa hits you with a +0 short sword! Duvessa hits you but does no damage.
You block Duvessa's attack.
Things that are here:
a +0 dagger; a +0 robe; the elf corpse of Dowan You barely miss Duvessa.
Duvessa hits you with a +0 short sword! Duvessa hits you with a +0 short sword.
You hit Duvessa but do no damage. Duvessa hits you with a +0 short sword.
Duvessa hits you with a +0 short sword!
* * * LOW HITPOINT WARNING * * *
Unknown command.
It was a potion of flight.
You feel very buoyant.
You fly up into the air.
Duvessa barely misses you.
It was a potion of degeneration.
There was something very wrong with that liquid.
You feel weakened.
You feel dopey.
You feel clumsy. Duvessa hits you with a +0 short sword.
* * * LOW HITPOINT WARNING * * *
Duvessa hits you with a +0 short sword!
You die...

#.......# .
##.....###### #
##.........#
.##.##
..####...####.#
......
#..).......#
###.##
..#####..#.....
#.## #..####.#.
#.).
##e..##...(
#### #.@......#
#....##.##
#.#### # ...
#... #... #...
#...


You could see Duvessa (berserk, fast).

Vanquished Creatures
  A kobold brigand (D:3)
  Dowan (D:4)
  An iguana (D:4)
  3 adders
  12 gnolls (D:3)
  2 dart slugs (D:2)
  6 orcs
  5 ball pythons
  4 endoplasms
  6 goblins
  9 hobgoblins
  A quokka (D:2)
  7 bats
  3 frilled lizards
  34 kobolds
  7 rats
102 creatures vanquished.

Notes
Turn   | Place    | Note
-------+----------+-------------------------------------------
     0 | D:1      | retardedninja the Hill Orc Fighter began the quest for the
                  | Orb.
     0 | D:1      | Reached XP level 1. HP: 19/19 MP: 1/1
    80 | D:1      | Found Waul's General Store.
   213 | D:1      | Reached XP level 2. HP: 27/27 MP: 2/2
   607 | D:2      | HP: 1/27 [poisoned by an adder]
   608 | D:2      | Reached XP level 3. HP: 2/33 MP: 3/3
  1111 | D:2      | Found Woqengei's Weapon Emporium.
  1192 | D:2      | Reached XP level 4. HP: 37/40 MP: 4/4
  1303 | D:2      | You fall into a shaft and drop 2 floors!
  2062 | D:3      | Found Fitzo's Magic Scroll Shop.
  2319 | D:3      | Found a glowing silver altar of Zin.
  2319 | D:3      | Found a glowing golden altar of the Shining One.
  2319 | D:3      | Found a white marble altar of Elyvilon.
  2380 | D:3      | Reached XP level 5. HP: 42/47 MP: 5/5
  2672 | D:3      | Noticed a kobold brigand
  2677 | D:3      | Killed a kobold brigand
  2678 | D:3      | Reached skill level 5 in Fighting
  2680 | D:3      | Reached XP level 6. HP: 26/56 MP: 6/6
  3900 | D:4      | Noticed Dowan
  3902 | D:4      | Noticed Duvessa
  3911 | D:4      | Killed Dowan
  3912 | D:4      | Reached skill level 5 in Axes
  3925 | D:4      | Mangled by Duvessa

Illustrated notes

Levels and vault maps discovered:
D:1:      lordsloth_arrival_two_stooges, layout_basic, serial_shops, shop
D:2:      layout_basic, serial_shops, nicolae_shop_bloodbath_and_beyond
D:3:      minmay_goblin_kobold_castle, layout_basic,
          dreamdust_divine_triumvirate, serial_shops, shop,
          grunt_decor_arrowhead
D:4:      layout_loops_cross, uniq_duvessa, uniq_ijyb

Skill      XL: |  1  2  3  4  5  6 |
---------------+-------------------+-----
Axes           | 3 4 5 |  5.0
Fighting       | 4 5 |  5.4
Armour         | 4 |  4.9
Shields        | 4 |  4.9

Action                   |  1- 3 |  4- 6 || total
-------------------------+-------+-------++-------
Melee: War axe           |   137 |   147 ||   284
  Use: Potion            |       |     6 ||     6
Armor: Scale mail        |    82 |    62 ||   144
Dodge: Dodged            |    60 |    83 ||   143
Block: Buckler           |    37 |    36 ||    73

Table legend: (Time is in decaauts)
 A = Elapsed time spent in this place.
 B = Non-inter-level travel time spent in this place.
 C = Inter-level travel time spent in this place.
 D = Time resting spent in this place.
 E = Time spent auto-exploring this place.
 F = Levels seen in this place.
 G = Mean time per level.
                   A        B        C        D        E       F      G
               +--------+--------+--------+--------+--------+-----+--------+
         Total |   4029 |   3953 |     76 |   1313 |   1953 |   4 | 1007.2 |
       Dungeon |   4029 |   3953 |     76 |   1313 |   1953 |   4 | 1007.2 |
               +--------+--------+--------+--------+--------+-----+--------+

Top non-repeatable levels by time:
     D:3: 2306 daAuts
     D:2: 941 daAuts
     D:1: 592 daAuts
     D:4: 188 daAuts
